 Dungeon Crawl Stone Soup version 0.19-a0-1047-g4b671ad (console) character file.

49 Garrluk the Cudgeler (level 3, -1/36 HPs)
             Began as an Ogre Gladiator on July 31, 2016.
             Slain by a gnoll
             ... wielding a +0 spear
              (9 damage)
             ... on level 2 of the Dungeon.
             The game lasted 00:02:13 (1017 turns).

Garrluk the Cudgeler (Ogre Gladiator)               Turns: 1017, Time: 00:02:13

Health: -1/36      AC:  3    Str: 20    XL:     3   Next: 77%
Magic:  3/3        EV: 10    Int:  8    God:
Gold:   90         SH:  0    Dex: 10    Spells: 0 memorised, 2 levels left

rFire  . . .     SeeInvis .     j - +2 mace (drain)
rCold  . . .     Gourm    .     b - +0 robe
rNeg   . . .     Faith    .     (no shield)
rPois  .         Spirit   .     c - +0 hat
rElec  .         Dismiss  .     (no cloak)
rCorr  .         Reflect  .     (gloves unavailable)
SustAt .         Harm     .     (boots unavailable)
MR     .....                    (no amulet)
Stlth  +.........               (no ring)
                                q - ring of flight

@: not resistant to hostile enchantments, very unstealthy
A: unfitting armour, tough skin 1
a: Evoke Flight


You were on level 2 of the Dungeon.
You were not hungry.

You visited 1 branch of the dungeon, and saw 2 of its levels.

You collected 90 gold pieces.

Notes
Turn   | Place    | Note
-------+----------+-------------------------------------------
     0 | D:1      | Garrluk the Ogre Gladiator began the quest for the Orb.
     0 | D:1      | Reached XP level 1. HP: 22/22 MP: 1/1
   182 | D:1      | Reached XP level 2. HP: 23/29 MP: 2/2
   881 | D:2      | Reached skill level 5 in Maces & Flails
   881 | D:2      | Reached XP level 3. HP: 36/36 MP: 3/3
  1017 | D:2      | Slain by a gnoll

Inventory:

Hand Weapons
 a - a +0 flail
 j - a +2 mace of draining (weapon)
   (You found it on level 1 of the Dungeon)
Missiles
 d - 3 throwing nets
 e - 61 stones (quivered)
Armour
 b - a +0 robe (worn)
 c - a +0 hat (worn)
Jewellery
 q - a ring of flight (left hand)
   (You found it on level 2 of the Dungeon)
Scrolls
 h - 2 scrolls of identify {unknown}
 l - a scroll of remove curse {unknown}
 p - a scroll of recharging {unknown}
Potions
 g - a potion of cure mutation {unknown}
 k - a potion of haste {unknown}
 n - 2 potions of ambrosia {unknown}
Comestibles
 f - a bread ration
 i - 2 meat rations
 m - a slice of pizza
 o - a chunk of flesh

Table legend:
 A = Turns spent in this place as a percentage of turns spent in the entire game.
 B = Non-inter-level travel turns spent in this place as a percentage of non-inter-level travel turns spent in the entire game.
 C = Inter-level travel turns spent in this place as a percentage of turns spent in this place.
 D = Turns resting spent in this place as a percentage of non-inter-level travel turns spent in this place.
 E = Turns spent auto-exploring this place as a percentage of non-inter-level travel turns spent in this place.
 F = Non-inter-level travel turns spent in this place divided by the number of levels of this place that you've seen.
                   A       B       C       D       E      F
               +-------+-------+-------+-------+-------+----------------------
         Total | 100.0 | 100.0 |   0.4 |   0.0 |  14.1 | 124.0
       Dungeon | 100.0 | 100.0 |   0.4 |   0.0 |  14.1 | 124.0
               +-------+-------+-------+-------+-------+----------------------


   Skills:
 - Level 2.6 Fighting
 * Level 5.4 Maces & Flails
 + Level 2.8 Throwing
 - Level 2.6 Dodging


You had 2 spell levels left.
You didn't know any spells.

Dungeon Overview and Level Annotations

Branches:
Dungeon (2/15)

Altars:


Innate Abilities, Weirdness & Mutations

You are too large for most types of armour.
You have tough skin. (AC +1)


Message History

Items here: ))) †† a club x2; a flail; a gnoll corpse x2
The gnoll hits you with a spear.
A gnoll comes into view.
You see here a stone.
You barely miss the gnoll.
The gnoll shouts!
The gnoll hits you with a spear.
You closely miss the gnoll. The gnoll closely misses you. x2
You hit the gnoll.
The gnoll is moderately wounded.
The gnoll hits you with a spear.
You barely miss the gnoll.
The gnoll is moderately wounded.
The gnoll hits you with a spear!
* * * LOW HITPOINT WARNING * * *
You closely miss the gnoll.
The gnoll is moderately wounded.
The gnoll hits you with a spear!
You die...

#.##.##..##...g.#.#
#.##.##..########.#
####.#...#..########.#
#....................#
#.##.#.#.#.#########.#
#.##.##.##.# #.#
###.##.#####.#
#...#..#####.#
#...........g#
#...#.######g# ##..#.#
#@# #..#.# #)# #
#..#.######.#.#
#...........#.#
#.##.########.####
#.##.##...........
#.##..........#
#.#####.#...#.# #.#
#.#...#.######. #.#
#............). #..
#.......######.


You could see 2 gnolls.

Table legend:
 A = Kills in this place as a percentage of kills in entire the game.
 B = Kills by you in this place as a percentage of kills by you in the entire game.
 C = Kills by friends in this place as a percentage of kills by friends in the entire game.
 D = Other kills in this place as a percentage of other kills in the entire game.
 E = Experience gained in this place as a percentage of experience gained in the entire game.
 F = Experience gained in this place divided by the number of levels of this place that you have seen.
                   A       B       C       D       E      F
               +-------+-------+-------+-------+-------+----------------------
         Total | 100.0 | 100.0 |  -nan |  -nan | 100.0 |  35.5
       Dungeon | 100.0 | 100.0 |  -nan |  -nan | 100.0 |  35.5
               +-------+-------+-------+-------+-------+----------------------

Vanquished Creatures
  Monster Symbol All 'J'
  An ooze (D:2)
1 creature vanquished. All 'K' 4 kobolds
4 creatures vanquished. All 'b' 7 bats (D:1)
7 creatures vanquished. All 'g' 2 gnolls (D:2) 4 hobgoblins 5 goblins
11 creatures vanquished. All 'r' A rat (D:1)
1 creature vanquished. All 's' A giant cockroach (D:2)
1 creature vanquished.
25 creatures vanquished. Monster Nature Natural Monsters 2 gnolls (D:2) An ooze (D:2) A giant cockroach (D:2) 4 hobgoblins 4 kobolds 7 bats (D:1) 5 goblins A rat (D:1)
25 creatures vanquished.
25 creatures vanquished. Ascending Order An ooze (D:2) A giant cockroach (D:2) A rat (D:1) 2 gnolls (D:2) 4 kobolds 4 hobgoblins 5 goblins 7 bats (D:1)
25 creatures vanquished.

Action                   || total
-------------------------++-------
Melee: Flail             ||    10
       Mace              ||    54
Throw: Stone             ||     1
 Stab: Sleeping          ||     1
Armor: Robe              ||    16
Dodge: Dodged            ||    32
